 Dungeon Crawl Stone Soup version 0.24.0-123-gd5b16e6ec5 (webtiles) character file.

Game seed: 10145283757561217741, levelgen mode: deterministic

9727 Bergy the Cleaver (level 11, -4/63 HPs)
             Began as a Gargoyle Fighter on Jan 5, 2020.
             Was a High Priest of Cheibriados.
             Slain by a ten-headed hydra (8 damage)
             ... on level 10 of the Dungeon.
             The game lasted 00:32:26 (11825 turns).

Bergy the Cleaver (Gargoyle Fighter)               Turns: 11825, Time: 00:32:26

Health: -4/63      AC: 17    Str: 36    XL:     11   Next: 51%
Magic:  11/11      EV:  8    Int: 24    God:    Cheibriados [*****.]
Gold:   454        SH: 13    Dex: 23    Spells: 10/10 levels left

rFire    . . .     SeeInvis +   o - +1 hand axe (venom)
rCold    . . .     Gourm    .   c - +0 shield
rNeg     + . .     Faith    .   b - +0 scale mail
rPois    ∞         Spirit   .   w - +0 helmet
rElec    +         Reflect  .   y - -1 cloak of the Comet {SInv}
rCorr    .         Harm     .   (no gloves)
MR       .....                  (no boots)
Stlth    +.........             q - amulet of rage
HPRegen  0.20/turn              D - ring of flight
MPRegen  0.12/turn              (no ring)

@: about to teleport, very slow
A: negative energy resistance 1, electricity resistance, unbreathing,
petrification resistance, rot immunity, AC +8
a: Bend Time, Temporal Distortion, Slouch, Step From Time, Renounce Religion,
Evoke Berserk Rage, Evoke Flight


You were on level 10 of the Dungeon.
You worshipped Cheibriados.
Cheibriados was extremely pleased with you.
You were not hungry.

You visited 2 branches of the dungeon, and saw 12 of its levels.
You also visited: Sewer.

You collected 634 gold pieces.
You spent 180 gold pieces at shops.

Inventory:

Hand Weapons
 a - a +0 war axe
 o - a +1 hand axe of venom (weapon)
Armour
 b - a +0 scale mail (worn)
 c - a +0 shield (worn)
 w - a +0 helmet (worn)
 y - the -1 cloak of the Comet (worn) {SInv}
   (You bought it in a shop on level 4 of the Dungeon)

   It lets you see invisible.
 B - a +0 plate armour
Jewellery
 q - an amulet of rage (around neck)
 D - a ring of flight (left hand)
Wands
 z - a wand of iceblast (2)
 C - a wand of acid (9)
Scrolls
 e - 3 scrolls of remove curse
 h - a scroll of enchant weapon {unknown}
 i - a scroll of silence {unknown}
 j - 12 scrolls of teleportation
 p - 2 scrolls of enchant armour
 r - a scroll of brand weapon {unknown}
 x - 3 scrolls of magic mapping
 A - a scroll of acquirement {unknown}
 E - 2 scrolls of identify
 G - 5 scrolls of fog
 H - a scroll of fear {unknown}
Potions
 d - 2 potions of might
 g - 2 potions of flight
 k - a potion of lignification {unknown}
 l - 2 potions of agility
 m - a potion of magic {unknown}
 n - 2 potions of berserk rage {unknown}
 s - 2 potions of invisibility {unknown}
 t - 4 potions of haste
 v - a potion of resistance {unknown}
 F - a potion of degeneration {unknown}
Comestibles
 f - 22 rations
 u - a chunk of flesh


   Skills:
 + Level 5.1 Fighting
 - Level 14.0 Axes
 + Level 5.8 Armour
 * Level 7.1 Shields


You had 10 spell levels left.
You didn't know any spells.
Your spell library contained the following spells:

 Spells                   Type           Power        Failure   Level  Hunger
 Corona                   Hex            #......      56%         1    ##.....
 Ensorcelled Hibernation  Hex/Ice        #.....       71%         2    ###....
 Confuse                  Hex            #.......     91%         3    ####...
 Dazzling Spray           Conj/Hex       #.....       91%         3    ####...
 Tukima's Dance           Hex            #.......     91%         3    ####...


Dungeon Overview and Level Annotations

Branches:
Dungeon (11/15)            Temple (1/1) D:4             Orc (0/2) D:10
  Sewer (visited)
   Lair: D:8-11

Altars:
Ashenzari
Cheibriados
Dithmenos
Elyvilon
Fedhas
Gozag
Hepliaklqana
Kikubaaqudgha
Makhleb
Nemelex Xobeh
Okawaru
Qazlal
Ru
Sif Muna
Trog
Uskayaw
Vehumet
Wu Jian
Xom
Yredelemnul
Zin
The Shining One

Shops:
D:4 *   D:5 !

Portals:
Trove: D:11 (give horn of Geryon)


Innate Abilities, Weirdness & Mutations

You are resistant to torment.
Your stone body is resilient. (AC +8)
You are immune to poison.
You resist negative energy. (rN+)
You are resistant to electric shocks. (rElec)
You can survive without breathing.
You are immune to petrification.
You are immune to rotting.


Message History

You block the ten-headed hydra's attack.
The ten-headed hydra completely misses you.
The ten-headed hydra bites you but does no damage.
The ten-headed hydra barely misses you. The ten-headed hydra bites you.
* * * LOW HITPOINT WARNING * * *
The ten-headed hydra bites you but does no damage.
The ten-headed hydra bites you.
* * * LOW HITPOINT WARNING * * *
You block the ten-headed hydra's attack.
The ten-headed hydra bites you.
* * * LOW HITPOINT WARNING * * *
The ten-headed hydra barely misses you.
You hit the ten-headed hydra but do no damage.
The ten-headed hydra is moderately wounded.
You hit the ten-headed hydra.
The ten-headed hydra is moderately wounded.
The ten-headed hydra bites you but does no damage.
The ten-headed hydra closely misses you.
The ten-headed hydra bites you!
You die...

.#.########....####.........###.#
..................'.........'....
.#.########....####.........####.
##.# #.#.## ##.......## ## ##.#
#.### ##.....## # #.# #.# ##...##
# #.# ##.# ##'## ## #.#
####..######### #.# #. #.#
#........÷@D..# #.######### ##.#
#.##.##..####.###.........# ...#
#.##.##..# #.##...######.# ####
#.##.##..## #.#.....#####.#
#.##......###.##...#.......
#.#####................##.# #.#
#.#########.##...##.# #.#####.#
#.#######.# #.......# #.........#


You could see a ten-headed hydra.

Vanquished Creatures
  Erolcha (D:9)
  Harold (D:9)
  A two-headed ogre (D:11)
  A death yak (D:10)
  Pikel (D:5)
  A queen bee (D:8)
  Prince Ribbit (D:7)
  2 hippogriffs
  Eustachio (D:6)
  A hungry ghost (D:10)
  Menkaure (D:4)
  A water moccasin (D:8)
  4 orc warriors
  A black bear (D:9)
  3 phantoms
  4 sky beasts
  3 slaves (D:5)
  5 ogres
  A necrophage (D:9)
  5 centaurs
  2 big kobolds
  A crocodile (D:11)
  3 bullfrogs
  4 scorpions
  18 killer bees
  2 howler monkeys
  A bullfrog zombie (D:7)
  4 crimson imps
  2 quasits
  2 centaur skeletons
  7 hounds
  3 bullfrog skeletons
  2 jellies
  9 orc priests
  8 orc wizards
  2 iguanas
  7 worker ants
  A hound skeleton (D:6)
  A howler monkey zombie (D:8)
  Robin (D:4)
  A howler monkey skeleton (D:5)
  18 adders
  A shadow imp (D:7)
  2 adder zombies
  3 adder skeletons
  2 worms
  A dart slug (D:1)
  5 leopard geckos
  44 orcs
  9 bats
  7 giant cockroaches
  16 goblins
  16 hobgoblins
  11 jackals
  7 quokkas
  6 ball pythons
  11 frilled lizards
  A giant cockroach zombie (D:6)
  20 kobolds
  9 rats
  4 plants (Sewer)
313 creatures vanquished.

Notes
Turn   | Place    | Note
-------+----------+-------------------------------------------
     0 | D:1      | Bergy the Gargoyle Fighter began the quest for the Orb.
     0 | D:1      | Reached XP level 1. HP: 14/14 MP: 1/1
    52 | D:1      | Reached skill level 2 in Axes
   184 | D:1      | Reached XP level 2. HP: 19/19 MP: 2/2
   467 | D:1      | Reached skill level 3 in Axes
   471 | D:1      | Reached XP level 3. HP: 22/23 MP: 3/3
   644 | D:2      | Found a white marble altar of Elyvilon.
   926 | D:3      | Reached XP level 4. HP: 4/28 MP: 4/4
   936 | D:3      | Reached skill level 4 in Axes
  1525 | D:2      | Got a black opal-encrusted leather armour
  1653 | D:2      | Reached XP level 5. HP: 32/32 MP: 5/5
  2017 | D:3      | Reached skill level 5 in Axes
  2307 | D:3      | Found an iron altar of Okawaru.
  2485 | D:3      | Reached XP level 6. HP: 37/37 MP: 6/6
  2735 | D:4      | Noticed Robin
  2743 | D:4      | Killed Robin
  2743 | D:4      | Reached skill level 6 in Axes
  2784 | D:4      | Identified the cursed +1 leather armour of the Lair of
                  | Beasts {rC+ Int+3 SInv} (You found it on level 2 of the
                  | Dungeon)
  2880 | D:4      | Found Ejaatool's Assorted Antiques.
  2890 | D:4      | Bought a twisted cloak for 180 gold pieces
  2895 | D:4      | Identified the -1 cloak of the Comet {SInv} (You bought it
                  | in a shop on level 4 of the Dungeon)
  2987 | D:4      | Reached XP level 7. HP: 16/41 MP: 7/7
  3145 | D:4      | Noticed Menkaure
  3155 | D:4      | Killed Menkaure
  3155 | D:4      | Reached skill level 7 in Axes
  3475 | D:4      | Found a staircase to the Ecumenical Temple.
  3484 | Temple   | Entered the Ecumenical Temple
  3650 | Temple   | Became a worshipper of Cheibriados the Contemplative
  4216 | D:5      | Entered Level 5 of the Dungeon
  4420 | D:5      | Reached skill level 8 in Axes
  4584 | D:5      | Reached XP level 8. HP: 46/46 MP: 8/8
  4604 | D:5      | Reached * piety under Cheibriados
  4608 | D:5      | Found a glowing drain.
  4622 | Sewer    | Entered a sewer
  5129 | D:5      | Noticed Pikel
  5147 | D:5      | Killed Pikel
  5147 | D:5      | Reached skill level 9 in Axes
  5334 | D:5      | Found Xilijyix's Distillery.
  5575 | D:5      | Reached ** piety under Cheibriados
  5575 | D:5      | Reached skill level 10 in Axes
  5775 | D:6      | Reached XP level 9. HP: 21/51 MP: 9/9
  5798 | D:6      | Noticed Eustachio
  5964 | D:6      | Killed Eustachio
  6590 | D:6      | Reached skill level 11 in Axes
  6725 | D:6      | Reached *** piety under Cheibriados
  7080 | D:7      | Noticed Prince Ribbit
  7187 | D:7      | Killed Prince Ribbit
  7187 | D:7      | Reached skill level 12 in Axes
  7292 | D:7      | Identified the +1 buckler of Hedging {-Cast rF+ MR+ SInv}
  7347 | D:7      | Reached XP level 10. HP: 44/56 MP: 10/10
  7581 | D:7      | Reached **** piety under Cheibriados
  8063 | D:8      | Reached skill level 13 in Axes
  8445 | D:8      | Reached ***** piety under Cheibriados
  9072 | D:9      | Noticed Harold
  9093 | D:9      | Killed Harold
  9375 | D:9      | Reached skill level 14 in Axes
  9749 | D:9      | Noticed Erolcha
  9767 | D:9      | Killed Erolcha
  9767 | D:9      | Reached skill level 5 in Shields
  9767 | D:9      | Reached XP level 11. HP: 20/61 MP: 11/11
 10143 | D:10     | Entered Level 10 of the Dungeon
 10859 | D:10     | Found a staircase to the Orcish Mines.
 10937 | D:10     | Reached skill level 5 in Armour
 11228 | D:11     | Noticed a two-headed ogre
 11245 | D:11     | Killed a two-headed ogre
 11463 | D:11     | Noticed a death yak
 11463 | D:11     | Noticed a death yak
 11467 | D:11     | Noticed a death yak
 11468 | D:11     | Noticed a death yak
 11470 | D:11     | Noticed a death yak
 11496 | D:10     | Killed a death yak
 11496 | D:10     | Reached skill level 5 in Fighting
 11747 | D:11     | Found a portal to a secret trove of treasure.
 11748 | D:11     | Noticed a six-headed hydra
 11825 | D:10     | Slain by a ten-headed hydra

Levels and vault maps discovered:
D:1:      elethiomel_arrival_shortcut, layout_basic, nrook_mini_backslash
D:2:      cheibrodos_pilgrimage, layout_rooms, elyvilon_altar_5, first_ration,
          dk_noncrumbling_3, minivault_19, minmay_tetromino_t4
D:3:      layout_loops_ring, okawaru_gym_becter
D:4:      layout_basic, minmay_temple_entry_mist, serial_shops,
          nicolae_shop_overgrown_old_shop, uniq_menkaure, uniq_robin
D:5:      layout_loops_corners, gup_sewer_entry_bowl, serial_shops, shop,
          grunt_ministairs_6, uniq_pikel
D:6:      minmay_clustersquares, layout_loops_ring, uniq_eustachio
D:7:      layout_basic, hex_large, uniq_prince_ribbit1
D:8:      layout_cave_pods, enter_bailey_3, david_nohive_1,
          chequers_serial_rivers_micro_a
D:9:      layout_basic, kennysheep_small_square, uniq_erolcha, uniq_harold
D:10:     layout_loops_corners, orc_0_dummy
D:11:     layout_cave_pools, dpeg_lair_monsters, enter_trove_1,
          ebering_ghost_inner_flame, uniq_fannar
Temple:   kilobyte_greek_temple

Skill      XL: |  1  2  3  4  5  6  7  8  9 10 11 |
---------------+----------------------------------+-----
Axes           | 2 3 4 5 6 8 10 12 14 | 14.0
Shields        | 5 7 |  7.1
Fighting       | 4 5 |  5.1
Armour         | 4 5 |  5.8

Action                   |  1- 3 |  4- 6 |  7- 9 | 10-12 || total
-------------------------+-------+-------+-------+-------++-------
Melee: War axe           |   121 |   110 |       |       ||   231
       Hand axe          |       |   118 |   421 |   407 ||   946
  Use: Scroll            |       |     5 |     3 |     3 ||    11
       Potion            |       |       |       |     6 ||     6
  Eat: Chunk             |       |     7 |     7 |     6 ||    20
       Ration            |       |       |     1 |     1 ||     2
Armor: Scale mail        |    70 |    98 |   189 |   187 ||   544
       Leather armour    |       |     8 |       |       ||     8
       Skin              |       |     2 |       |       ||     2
Dodge: Dodged            |    47 |    62 |    99 |   117 ||   325
Block: Shield            |    76 |   101 |   212 |   243 ||   632
